 Dungeon Crawl Stone Soup version 0.30-a0-802-gb92711b (webtiles) character file.

Game seed: 11043740987101946220

34 Illumine the Digger (level 3, -3/26 HPs)
             Began as a Meteoran Earth Elementalist on Feb 23, 2023.
             Succumbed to a scorpion's poison
             ... on level 4 of the Dungeon.
             The game lasted 00:02:29 (489 turns).

Illumine the Digger (Meteoran Earth Elementalist)    Turns: 489, Time: 00:02:30

Health: -3/26      AC:  2    Str:  9    XL:     3   Next: 73%
Magic:  5/9        EV: 12    Int: 18    God:
Gold:   61         SH:  0    Dex: 15    Spells: 5/9 levels left

rFire   + . .      SeeInvis .    i - +0 flail
rCold   + . .      Faith    .    (no shield)
rNeg    . . .      Spirit   .    a - +0 robe
rPois   .          Reflect  .    (no helmet)
rElec   .          Harm     .    e - scarf {rC+ rF+}
rCorr   .          Rampage  .    (no gloves)
Will    .....                    (no boots)
Stlth   +                        (no amulet)
HPRegen 0.24/turn                (no ring)
MPRegen 0.11/turn                (no ring)

@: lethally poisoned (-3 -> -18), very slightly contaminated, glowing
A: sense surroundings 1, otherworldly, glowing, explore regen
a: no special abilities


You were on level 4 of the Dungeon.
You visited 1 branch of the dungeon, and saw 4 of its levels.

You collected 61 gold pieces.

Inventory:

Hand Weapons
 d - a +0 club
 i - a +0 flail (weapon)
Armour
 a - a +0 robe (worn)
 e - a scarf of resistance (worn)
Scrolls
 c - a scroll of fog {unknown}
 f - 2 scrolls of vulnerability {unknown}
 j - a scroll of identify {unknown}
 k - a scroll of fear {unknown}
Potions
 b - a potion of magic
 g - a potion of flight {unknown}
 h - a potion of cancellation {unknown}


   Skills:
 - Level 2.4 Dodging
 - Level 1.4 Stealth
 + Level 3.5 Spellcasting
 + Level 0.0 Conjurations
 - Level 2.0 Transmutations
 + Level 4.3 Earth Magic


You had 5 spell levels left.
You knew the following spells:

 Your Spells              Type           Power      Damage    Failure   Level
a - Sandblast             Erth           36%        2d10      2%          1
b - Stone Arrow           Conj/Erth      22%        3d8       19%         3

Your spell library contained the following spells:

 Spells                   Type           Power      Damage    Failure   Level
 Passwall                 Tmut/Erth      11%        N/A       6%          2
 Ensorcelled Hibernation  Hex/Ice        6%         N/A       24%         2
 Spider Form              Tmut/Pois      6%         N/A       30%         3
 Petrify                  Tmut/Erth      14%        N/A       38%         4
 Anguish                  Hex/Necr       1%         N/A       83%         4


Dungeon Overview and Level Annotations

Branches:
Dungeon (4/15) Zot: 1896
 Temple: D:4-7

Altars:
Zin


Innate Abilities, Weirdness & Mutations

You passively map a small area around you.
You are easily found by Zot.
You glow in the dark.
You regain HP and MP as you explore.


Message History

Aim: a scorpion (82% to hit)
The blast of sand hits the scorpion but does no damage.
The scorpion stings you.
The scorpion stings you but does no damage.
Casting: Sandblast (safe; 2% risk of failure)
Confirm with . or Enter, or press ? or * to list all spells.
Aiming: Sandblast (safe; 2% risk of failure)
Press: ? - help, Shift-Dir - straight line, f/p - scorpion
Aim: a scorpion (82% to hit)
The blast of sand hits the scorpion but does no damage.
The scorpion stings you.
You are poisoned.
The scorpion poisons you! The scorpion stings you.
Casting: Sandblast (safe; 2% risk of failure)
Confirm with . or Enter, or press ? or * to list all spells.
Aiming: Sandblast (safe; 2% risk of failure)
Press: ? - help, Shift-Dir - straight line, f/p - scorpion
Aim: a scorpion (82% to hit)
You miscast Sandblast.
You are very lightly contaminated with residual magic.
Nothing appears to happen.
You feel sick. The scorpion misses you.
Casting: Sandblast (safe; 2% risk of failure)
Confirm with . or Enter, or press ? or * to list all spells.
Aiming: Sandblast (safe; 2% risk of failure)
Press: ? - help, Shift-Dir - straight line, f/p - scorpion
Aim: a scorpion (82% to hit)
The blast of sand hits the scorpion!
The scorpion is heavily wounded.
You feel sick. The scorpion stings you!
You are lethally poisoned!
The scorpion poisons you! The scorpion stings you.
* * * LOW HITPOINT WARNING * * *
Casting: Sandblast (safe; 2% risk of failure)
Confirm with . or Enter, or press ? or * to list all spells.
Aiming: Sandblast (safe; 2% risk of failure)
Press: ? - help, Shift-Dir - straight line, f/p - scorpion
Aim: a scorpion (heavily wounded, 82% to hit)
The blast of sand hits the scorpion!
The scorpion is almost dead.
You die...

, , .. ,,...... ,, * ,
,., >...... *#,#.
##........ ,
.#.#[#,.........#
......##........# ,,
#...............+ ....
.!....s...>.....#+ #....
, #....@..........*.....
#.....#...........#.....
#..#....................
, *.
####.........#....... *
###...............
##..#.#....<..... *
#...#.#.......... ,
#####.........#......
#...............)....


You could see a scorpion.

Vanquished Creatures
  2 worms (D:3)
  A dart slug (D:1)
  3 ball pythons
  3 bats
  2 endoplasms
  3 goblins
  A hobgoblin (D:3)
  4 kobolds (D:1)
  2 quokkas
  2 rats (D:1)
23 creatures vanquished.

Notes
Turn   | Place    | Note
-------+----------+-------------------------------------------
     0 | D:1      | Illumine the Meteoran Earth Elementalist began the quest
                  | for the Orb.
     0 | D:1      | Reached XP level 1. HP: 14/14 MP: 5/5
    27 | D:1      | Reached XP level 2. HP: 20/20 MP: 3/6
   127 | D:1      | Found a faded altar of an unknown god.
   144 | D:1      | Reached skill level 4 in Earth Magic
   159 | D:1      | Reached XP level 3. HP: 26/26 MP: 6/8
   204 | D:2      | Found a glowing silver altar of Zin.
   237 | D:3      | Learned a level 3 spell: Stone Arrow
   482 | D:4      | Noticed a scorpion
   489 | D:4      | Succumbed to a scorpion's poison

Illustrated notes

Levels and vault maps discovered:
D:1:      minmay_arrival_stone_box, layout_loops_cross,
          ebering_ecumenical_altar_sacrificial, st_stairs_3
D:2:      layout_loops_ring, serial_aquarium, aquarium_bridge_square
          [aquarium_subvault_bridge, aquarium_subvault_window,
          aquarium_subvault_bridge, aquarium_subvault_bridge],
          aquarium_bridge_square [aquarium_subvault_bridge,
          aquarium_subvault_window, aquarium_subvault_wall,
          aquarium_subvault_wall], aquarium_window_corner,
          aquarium_window_corner, aquarium_window_fake, aquarium_view_2a,
          aquarium_view_2a, aquarium_balcony_double_3, basic_altar
D:3:      layout_rooms, mainiacjoe_overflow_surrounded_room, serial_park_tiny_1,
          uniq_natasha
D:4:      layout_rooms, enter_ossuary_5, serial_shops,
          nicolae_shop_behind_doors, minmay_shop_grid_forest,
          kennysheep_cross_bottleneck, item_on_display_a

Skill      XL: |  1  2 |
---------------+-------+-----
Spellcasting   | 3 |  3.5
Earth Magic    | 4 |  4.3
Transmutations | 2 |  2.0
Dodging        | |  2.4
Stealth        | |  1.4

Action                     || total
---------------------------++-------
  Melee: Flail             ||     1
   Cast: Sandblast         ||    30
 Armour: Robe              ||     2
  Dodge: Dodged            ||     7

Table legend: (Time is in decaauts)
 A = Elapsed time spent in this place.
 B = Non-inter-level travel time spent in this place.
 C = Inter-level travel time spent in this place.
 D = Time resting spent in this place.
 E = Time spent auto-exploring this place.
 F = Levels seen in this place.
 G = Mean time per level.
                   A        B        C        D        E       F      G
               +--------+--------+--------+--------+--------+-----+--------+
         Total |    503 |    478 |     25 |     27 |    159 |   4 |  125.8 |
       Dungeon |    503 |    478 |     25 |     27 |    159 |   4 |  125.8 |
               +--------+--------+--------+--------+--------+-----+--------+

Top non-repeatable levels by time:
     D:1: 183 daAuts
     D:3: 154 daAuts
     D:2: 137 daAuts
     D:4: 28 daAuts
